 Dungeon Crawl Stone Soup version 0.27-a0-1206-g6342a01c75 (webtiles) character file.

Game seed: 1687466652377953918

640 Froggeryz the Cleaver (level 7, -1/78 HPs)
             Began as a Barachi Fighter on June 5, 2021.
             Was a Follower of Okawaru.
             Succumbed to Edmund's poison
             ... on level 5 of the Dungeon.
             The game lasted 00:04:15 (5255 turns).

Froggeryz the Cleaver (Barachi Fighter)             Turns: 5255, Time: 00:04:16

Health: -1/78      AC:  8    Str: 20    XL:     7   Next: 51%
Magic:  7/7        EV:  7    Int:  8    God:    Okawaru [*.....]
Gold:   122        SH:  9    Dex: 11    Spells: 6/6 levels left

rFire    . . .     SeeInvis .   a - +0 war axe
rCold    . . .     Faith    .   c - +0 kite shield
rNeg     . . .     Spirit   .   b - +0 scale mail
rPois    .         Reflect  .   o - +0 helmet
rElec    .         Harm     .   (no cloak)
rCorr    .         Rampage  .   (no gloves)
Will     .....                  (no boots)
Stlth    ..........             f - amulet of the acrobat
HPRegen  0.23/turn              (no ring)
MPRegen  0.10/turn              (no ring)

@: berserking, lethally poisoned (-1 -> -10), unable to hop, quick
A: amphibious, slowness 1, strong legs 1, +LOS
a: Hop, Renounce Religion, Heroism


You were on level 5 of the Dungeon.
You worshipped Okawaru.
Okawaru was aware of your devotion.
You visited 2 branches of the dungeon, and saw 6 of its levels.

You collected 122 gold pieces.

Inventory:

Hand Weapons
 a - a +0 war axe (weapon)
Missiles
 p - 2 throwing nets
 s - 10 poisoned darts (quivered)
Armour
 b - a +0 scale mail (worn)
 c - a +0 kite shield (worn)
 o - a +0 helmet (worn)
Jewellery
 f - an amulet of the acrobat (around neck)
Scrolls
 e - a scroll of teleportation {unknown}
 i - 2 scrolls of magic mapping {unknown}
 j - a scroll of immolation {unknown}
 k - 3 scrolls of identify {unknown}
 l - a scroll of summoning {unknown}
 m - a scroll of enchant weapon {unknown}
 r - a scroll of fear {unknown}
Potions
 d - a potion of might
 g - a potion of berserk rage
 h - a potion of curing {unknown}
 n - a potion of brilliance {unknown}
 q - 2 potions of heal wounds {unknown}


   Skills:
 - Level 3.6 Fighting
 * Level 9.0 Axes
 - Level 3.6 Armour
 - Level 3.2 Shields


You had 6 spell levels left.
You didn't know any spells.
Your spell library contained the following spells:

 Spells                   Type           Power      Damage    Failure   Level
 Magic Dart               Conj           0%         1d3       99%         1
 Searing Ray              Conj           0%         3d3       100%        2
 Dazzling Flash           Conj/Hex       0%         N/A       100%        3
 Fulminant Prism          Conj/Hex       0%         3d6       100%        4
 Iskenderun's Mystic Bla  Conj/Tloc      0%         2d3       100%        4


Dungeon Overview and Level Annotations

Branches:
Dungeon (5/15)             Temple (1/1) D:4

Altars:
Dithmenos
Gozag
Hepliaklqana
Kikubaaqudgha
Makhleb
Nemelex Xobeh
Okawaru
Vehumet
Yredelemnul
Lugonu

Shops:
D:1 ***:*

Annotations:
D:5 Edmund


Innate Abilities, Weirdness & Mutations

You are amphibious.
You cover ground slowly.
You can hop short distances.
You have an extended range of vision and can be seen from far away.


Message History

You are too injured to fight recklessly!
You are too injured to fight recklessly!
You are too injured to fight recklessly!
You are too injured to fight recklessly!
You hit Edmund.
Edmund is lightly wounded.
You feel extremely sick. You block Edmund's attack.
You slash Edmund!
Edmund is moderately wounded.
* * * LOW HITPOINT WARNING * * *
You feel very sick.
Edmund looks more healthy.
Edmund completely misses you. You block Edmund's attack.
You hit Edmund but do no damage.
Edmund is moderately wounded.
* * * LOW HITPOINT WARNING * * *
You feel very sick.
Edmund hits you with a +2 flail of venom.
* * * LOW HITPOINT WARNING * * *
It was a potion of berserk rage.
A red film seems to cover your vision as you go berserk!
You feel yourself moving faster!
You feel mighty!
* * * LOW HITPOINT WARNING * * *
You feel very sick.
Edmund hits you with a +2 flail of venom.
* * * LOW HITPOINT WARNING * * *
You are more poisoned.
Your shield and scale mail prevent you from hitting Edmund.
Edmund is moderately wounded.
* * * LOW HITPOINT WARNING * * *
You feel sick.
The adder looks more healthy.
Edmund barely misses you.
You slice Edmund!!
Edmund is severely wounded.
* * * LOW HITPOINT WARNING * * *
You feel very sick. Edmund barely misses you.
You closely miss Edmund.
Edmund is severely wounded.
You die...

###♣♣ #.# # .# #.# ># # ##
... .#. ... .... #!# ...
#### #.##.# .... #...(###.#
#### #####...((...# #######
#.@@S(#
......#########.###.........
#####...........# #.########
###########.# #.# #...$.#
#######


You could see Edmund and an adder.

Vanquished Creatures
  Menkaure (D:5)
  A black bear (D:5)
  A phantom (D:4)
  A scorpion (D:4)
  Terence (D:2)
  2 orc wizards (D:3)
  Robin (D:4)
  8 adders
  An adder skeleton (D:4)
  2 worms (D:2)
  4 dart slugs
  12 orcs
  6 ball pythons
  6 endoplasms
  3 giant cockroaches
  16 goblins
  5 hobgoblins
  19 jackals
  2 quokkas (D:3)
  6 bats
  A frilled lizard (D:1)
  8 kobolds
  A quokka skeleton (D:4)
  6 rats
114 creatures vanquished.

Vanquished Creatures (others)
  A human (D:3)
  2 demonic plants (Temple)
  A fungus (D:5)
  4 withered plants (D:1)
8 creatures vanquished.

Grand Total: 122 creatures vanquished

Notes
Turn   | Place    | Note
-------+----------+-------------------------------------------
     0 | D:1      | Froggeryz the Barachi Fighter began the quest for the Orb.
     0 | D:1      | Reached XP level 1. HP: 18/18 MP: 1/1
    44 | D:1      | Reached skill level 3 in Axes
    44 | D:1      | Reached XP level 2. HP: 19/24 MP: 2/2
   167 | D:1      | Found Davurummue's Book Shoppe.
   177 | D:1      | Found Esoyppyi's General Store.
   196 | D:1      | Found Racoit's Assorted Antiques.
   394 | D:1      | Found Zoudwarph's General Store.
   495 | D:1      | Found Zoaffum's General Store.
   566 | D:1      | Found a faded altar of an unknown god.
   991 | D:2      | HP: 1/24 [worm (6)]
   992 | D:2      | Reached skill level 4 in Axes
   992 | D:2      | Reached XP level 3. HP: 1/29 MP: 3/3
   998 | D:2      | HP: 1/29 [bat (1)]
  1009 | D:1      | HP: 1/29 [bat (1)]
  1495 | D:2      | Noticed Terence
  1510 | D:2      | Killed Terence
  1511 | D:2      | Reached XP level 4. HP: 25/36 MP: 4/4
  1719 | D:2      | Reached skill level 5 in Axes
  2316 | D:3      | Reached XP level 5. HP: 27/41 MP: 5/5
  2570 | D:3      | Found an ancient bone altar of Kikubaaqudgha.
  2571 | D:3      | Noticed a human
  2574 | D:3      | Killed a human
  2941 | D:3      | Reached skill level 6 in Axes
  3762 | D:4      | Reached XP level 6. HP: 47/47 MP: 6/6
  3779 | D:4      | Found a staircase to the Ecumenical Temple.
  3787 | D:4      | Noticed Robin
  3805 | Temple   | Entered the Ecumenical Temple
  3960 | D:4      | Killed Robin
  4029 | Temple   | Became a worshipper of Warmaster Okawaru
  4154 | D:4      | Reached skill level 7 in Axes
  4698 | D:4      | Found an opulent altar of Gozag.
  4910 | D:5      | Entered Level 5 of the Dungeon
  4933 | D:5      | Noticed Menkaure
  4939 | D:5      | Killed Menkaure
  4940 | D:5      | Reached skill level 8 in Axes
  4940 | D:5      | Reached XP level 7. HP: 32/52 MP: 7/7
  4966 | D:4      | Reached * piety under Okawaru
  5137 | D:5      | Reached skill level 9 in Axes
  5238 | D:5      | Noticed Edmund
  5254 | D:5      | HP: 1/78 [poisoned by Edmund]
  5255 | D:5      | Succumbed to Edmund's poison

Illustrated notes

Levels and vault maps discovered:
D:1:      wander_arrival_estate, layout_loops_ring,
          ebering_ecumenical_altar_petrified, serial_shops, shop,
          nicolae_shop_waterfront, shop, shop_statue, nicolae_shop_behind_doors
D:2:      minmay_angry_zag, layout_rooms, uniq_terence
D:3:      layout_basic, tgw_kikubaaqudgha
D:4:      layout_gridville, overflow_temple_1_default, minmay_temple_entry_grid,
          uniq_robin
D:5:      layout_loops_ring, lemuel_doored_altar, cheibrodos_ashenzari_chains,
          minitemple, uniq_edmund, uniq_grinder, uniq_crazy_yiuf_cottage,
          uniq_menkaure, uniq_pikel
Temple:   corrupted_temple

Skill      XL: |  1  2  3  4  5  6  7 |
---------------+----------------------+-----
Axes           | 3 4 5 6 8 9 |  9.0
Fighting       | |  3.6
Armour         | |  3.6
Shields        | |  3.2

Action                   |  1- 3 |  4- 6 |  7- 9 || total
-------------------------+-------+-------+-------++-------
Melee: War axe           |   111 |   257 |    29 ||   397
Throw: Dart              |       |       |     6 ||     6
 Abil: Hop               |       |       |     1 ||     1
  Use: Potion            |       |     1 |     1 ||     2
Armor: Scale mail        |    81 |   148 |    15 ||   244
       Skin              |       |     2 |       ||     2
Dodge: Dodged            |    42 |   118 |    11 ||   171
Block: Kite shield       |    70 |   162 |    16 ||   248

Table legend: (Time is in decaauts)
 A = Elapsed time spent in this place.
 B = Non-inter-level travel time spent in this place.
 C = Inter-level travel time spent in this place.
 D = Time resting spent in this place.
 E = Time spent auto-exploring this place.
 F = Levels seen in this place.
 G = Mean time per level.
                   A        B        C        D        E       F      G
               +--------+--------+--------+--------+--------+-----+--------+
         Total |   5897 |   5733 |    164 |   1279 |   3544 |   6 |  982.8 |
       Dungeon |   5659 |   5525 |    134 |   1139 |   3494 |   5 | 1131.8 |
        Temple |    238 |    208 |     30 |    140 |     50 |   1 |  238.0 |
               +--------+--------+--------+--------+--------+-----+--------+

Top non-repeatable levels by time:
     D:3: 1622 daAuts
     D:1: 1451 daAuts
     D:4: 1262 daAuts
     D:2: 1129 daAuts
  Temple: 238 daAuts
     D:5: 193 daAuts
